Tomo Gozen, lawful female human Samurai ------- ----- |......#########------- ##..*.| -------- |...>.| #|.....| ## |...-`# ## |...*..| |......# #|.....| `####.....## # ## |.......# |.....|# #|......# ## #|...|############### |......|# ----.-.## #|......# ### #|....# ** ## ----.--- --------# ## # #......|# # #|...|# *#### |......| # # #|..^...# ##* #-----# # |......| # # ##--.----################# ##.......| # # #`########### # -------- # -----.-- #* ## * # # # # # |.......###################### # # |....... # # # # # # ##.......| ### #` # ####----.# -------- # --.--+-.-+---# # #....-# ##........Y.e<.######|.._| |......._@)*| #|.(.| ----------[-- ----- Tomo Gozen the Kunoichi Experience level: 7 Strength: 17 Dexterity: 16 Constitution: 18 Intelligence: 9 Wisdom: 13 Charisma: 8 Health: 0(69) Energy: 21(21) Def: 8 Gold: 0 Moves: 5981 Dungeon seed: wVvxDoaYicp7jahQ Game ID: Tomo Gozen_1591291481 Your Inventory: Amulets p - a cursed amulet of change Weapons a - an uncursed +0 katana (weapon in hand) b - an uncursed +0 wakizashi c - an uncursed +0 yumi (alternate weapon; not wielded) d - 43 uncursed +0 ya (in quiver) E - a blessed +2 elven dagger T - an uncursed +0 orcish dagger X - 8 uncursed +0 daggers Armor n - an uncursed +0 cloak of displacement (being worn) r - a blessed +0 elven leather helm (being worn) Y - an uncursed rustproof +0 splint mail (being worn) Comestibles i - an uncursed tripe ration P - 3 uncursed gunyoki Tools e - an uncursed skeleton key f - an uncursed oil lamp (0:1478) w - an uncursed sack x - an uncursed towel Contents of the sack: 1183 gold pieces an uncursed +1 mummy wrapping an uncursed clove of garlic an uncursed scroll of confuse monster a blessed scroll of destroy armor an uncursed scroll of enchant armor 2 uncursed scrolls of identify a cursed scroll of identify a blessed scroll of light a cursed scroll of remove curse an uncursed scroll of scare monster an uncursed potion of invisibility an uncursed potion of object detection a cursed potion of restore ability an uncursed potion of sake a cursed potion of sleeping a cursed ring of sustain ability an uncursed magic marker (0:82) an uncursed +0 pick-axe 4 uncursed tallow candles (0:200) 4 uncursed wax candles (0:400) an uncursed touchstone Spells and supernatural/magical abilities: Name Level Category Cost Memory O - summoning 2 clerical 2000pw 92% W - pray for help -- divine ? -- Your skills at the end: Fighting Skills martial arts [Basic] wands [Basic] Weapon Skills short sword [Basic] long sword [Expert] bow [Basic] Spellcasting Skills Final Attributes: You were piously aligned. You were fire resistant. You were telepathic. You were displaced. You were slow. You were extremely lucky. You last prayed 2930 turns ago. Amaterasu Omikami favoured you extremely deeply. You are dead. Vanquished creatures: a giant mimic a leprechaun a gnome king a jaguar 2 blue jellies 2 dust vortices a raven 6 apes an imp a water nymph 3 Uruk-hai 2 rock piercers 2 rock moles a pony a shrieker 6 gnome lords 4 gnomish wizards a kobold mummy a red naga hatchling 6 elf zombies a ghoul a straw golem 8 giant ants a little dog 4 floating eyes 2 dwarves a homunculus a kobold lord 6 hill orcs 3 giant bats a dwarf zombie 2 iguanas 3 acid blobs 3 coyotes a hobbit a hobgoblin 2 cave spiders a yellow mold a green mold 19 gnomes 10 garter snakes a gnome zombie 3 geckos 4 jackals 2 foxes a kobold a goblin 8 sewer rats 9 grid bugs 8 lichens a kobold zombie 3 newts 157 creatures vanquished. Voluntary challenges: You used a wielded weapon 272 times, starting on turn 205. You read items or engraved 6 times, starting on turn 1042. You never genocided any monsters. You never polymorphed an object. You never changed form. You used no wishes. You never split a pudding. You never wrote Elbereth's name. You never violated your personal moral code. Dungeon overview: The Dungeons of Doom: levels 1 to 8 Level 1 a fountain a long staircase Level 2 a general store, a vault stairs to The Gnomish Mines Level 3 a fountain, a vault Level 4 a bookstore Level 5 <- You were here some altars to Amaterasu Omikami Level 6 a fountain Level 7 a fountain Level 8 The Gnomish Mines: levels 3 to 5 Level 3 stairs to The Dungeons of Doom Level 4 Level 5 many shops, a temple to Raijin, some fountains History has recorded: On T:1 you entered the Dungeons of Doom to retrieve the Amulet of Yendor! On T:275 you reached level 2 of The Dungeons of Doom. On T:550 you reached level 1 of The Gnomish Mines. On T:595 you reached level 3 of The Dungeons of Doom. On T:742 you advanced to experience level 2. On T:873 you reached level 4 of The Dungeons of Doom. On T:1105 you advanced to experience level 3. On T:1161 you reached level 5 of The Dungeons of Doom. On T:1214 you advanced to experience level 4. On T:1655 you reached level 6 of The Dungeons of Doom. On T:1678 you advanced to experience level 5. On T:1857 you advanced to experience level 6. On T:2280 you reached level 7 of The Dungeons of Doom. On T:2549 you reached level 8 of The Dungeons of Doom. On T:2990 you reached level 2 of The Gnomish Mines. On T:3052 you advanced to experience level 7. On T:3346 you reached level 3 of The Gnomish Mines. Score breakdown: Gold: 1183 (10454 points) Experience: 7 levels (13645 points) Exploration: 8 levels ( 16.00%) (11338 points) Discoveries: 23 items ( 9.20%) ( 9099 points) Valuables value: (no points given unless you survive) Artifact value: 0 ( 0 points) Variety of kills: 52 monsters ( 13.68%) (11097 points) Turncount: 5981 turns (-1619 points) Survival: died (score multiplied by 80%) Total score: 43211 Latest messages: [2 turns] The ape hits! (2x) The ape bites! The ape hits! (2x) The ape just misses! [2 turns] The ape hits! (2x) The ape bites! [2 turns] You hit the ape! The ape hits! (2x) The ape bites! The ape misses. The ape hits! The ape bites! [2 turns] You hit the ape! The ape hits! (2x) The ape misses. The ape hits! (2x) The ape bites! You die... Final status: Sayonara Tomo Gozen the Samurai, killed by an ape... You died in The Dungeons of Doom on dungeon level 5 with 43211 points, and 1183 pieces of gold, after 5981 moves. You were level 7 with a maximum of 69 hit points when you died.